AoeStats
← Vortex10000

Highland

504361439Analyzed
4v4 RM · 28d ago on Sep 5, 2026· 65m 10s· 8 players
Game mode
Random Map
Map size
Large (8 player)
Population
200
Speed
Normal
Resources
Standard
Victory
Conquest
Starting age
Dark Age
Ending age
Imperial Age
RankedLock teamsTeams togetherTeam positionsShared explorationLock speedFull tech treeHidden civsTurbo modeCheats
Victory
Defeat
🇺🇸 Byzantines · United States
937
+12
🇺🇸 Georgians · United States
900
+14
🇺🇸 Wu · United States
879
+14
🇺🇸 Ethiopians · United States
853
+15
🇺🇸 Lithuanians · United States
927
-16
🇨🇴 Khmer · Colombia
826
-13
🇨🇱 Bulgarians · Chile
821
-13
🇺🇸 Magyars · United States
812
-13
kberg14
11:56 Feudal Age
12:43 Double-Bit Axe
13:04 Horse Collar
21:04 Castle Age
19:32 Scale Barding Armor
19:26 Gold Mining
21:40 Wheelbarrow
21:54 Heavy Plow
22:06 Bow Saw
21:51 Stone Mining
23:19 Gold Shaft Mining
24:22 Hand Cart
25:27 Husbandry
25:41 Bloodlines
27:26 Chain Barding Armor
28:03 Fletching
28:13 Padded Archer Armor
29:59 Bodkin Arrow
30:20 Leather Archer Armor
32:15 Ballistics
35:36 Imperial Age
33:17 Corvinian Army
34:55 Town Watch
38:18 Conscription
37:35 Elite Magyar Huszar
40:28 Plate Barding Armor
40:24 Ring Archer Armor
39:55 Bracer
40:39 Recurve Bow
42:35 Two-Man Saw
42:08 Crop Rotation
44:14 Town Patrol
43:41 Heavy Cavalry Archer
44:52 Parthian Tactics
47:18 Chemistry
bolivarbenjamin925
13:48 Feudal Age
16:43 Castle Age
17:04 Pikeman
39:21 Wheelbarrow
38:33 Double-Bit Axe
42:46 Imperial Age
44:27 Elite Ballista Elephant
45:14 Double Crossbow
47:06 Hand Cart
47:16 Forging
47:07 Scale Mail Armor
52:31 Ballistics
53:12 Chemistry
VersedSeal9311
0:31 Loom
11:34 Feudal Age
13:15 Horse Collar
15:08 Double-Bit Axe
19:55 Castle Age
19:12 Gold Mining
19:16 Stone Mining
21:02 Forging
26:28 Caravan
33:37 Imperial Age
35:25 Wheelbarrow
36:03 Fletching
36:49 Iron Casting
37:07 Bodkin Arrow
37:09 Cavalier
38:00 Bloodlines
38:33 Heavy Plow
39:33 Hand Cart
39:57 Bow Saw
40:53 Elite Skirmisher
40:56 Pikeman
43:05 Two-Man Saw
43:47 Conscription
43:31 Tower Shields
43:53 Bracer
43:59 Scale Barding Armor
43:55 Scale Mail Armor
46:53 Chain Barding Armor
47:25 Heavy Cavalry Archer
48:20 Husbandry
49:18 Ballistics
48:53 Murder Holes
48:39 Treadmill Crane
50:00 Chemistry
50:59 Plate Barding Armor
50:39 Chain Mail Armor
50:25 Padded Archer Armor
49:49 Halberdier
50:38 Thumb Ring
59:28 Leather Archer Armor
PREDA_JUANK
0:35 Loom
15:13 Feudal Age
21:50 Castle Age
26:03 Double-Bit Axe
30:54 Caravan
31:42 Bow Saw
31:48 Thumb Ring
40:39 Imperial Age
38:22 Gold Mining
39:10 Wheelbarrow
39:47 Stirrups
40:36 Forging
40:18 Fletching
40:29 Padded Archer Armor
41:13 Hand Cart
41:22 Bodkin Arrow
43:27 Town Watch
44:49 Horse Collar
46:18 Scale Barding Armor
46:53 Elite Konnik
48:12 Town Patrol
51:38 Chemistry
51:53 Ballistics
51:03 Heavy Scorpion
53:26 Bagains
54:36 Onager
56:31 Siege Onager
60:49 Bloodlines
61:09 Chain Barding Armor
60:47 Light Cavalry
63:10 Hussar
Iceman7
0:47 Loom
13:56 Feudal Age
14:31 Man-at-Arms
15:43 Double-Bit Axe
18:52 Arson
24:40 Castle Age
25:17 Forging
25:07 Scale Mail Armor
25:03 Pikeman
26:06 Stone Mining
25:54 Long Swordsman
33:27 Iron Casting
33:09 Chain Mail Armor
37:11 Imperial Age
35:15 Fletching
36:08 Bow Saw
36:41 Gold Mining
37:14 Medium Warships
36:50 Fishing Lines
38:27 Gold Shaft Mining
38:31 Stone Shaft Mining
37:53 Bodkin Arrow
38:35 Murder Holes
38:51 Masonry
38:23 Treadmill Crane
40:16 Bracer
41:30 Gillnets
44:27 Blast Furnace
45:59 Wheelbarrow
45:56 Plate Mail Armor
44:50 Two-Handed Swordsman
45:33 Squires
47:18 Chemistry
46:39 Ballistics
46:14 Town Watch
46:14 Horse Collar
47:39 Two-Man Saw
46:53 Sitting Tiger
47:16 Conscription
47:34 Caravan
47:29 Champion
49:26 Hand Cart
49:13 Town Patrol
49:19 Heavy Plow
49:52 Architecture
49:31 Red Cliffs Tactics
51:12 Heavy Warships
江培騰
0:37 Loom
14:11 Feudal Age
14:55 Double-Bit Axe
14:54 Horse Collar
17:47 Wheelbarrow
16:59 Town Watch
20:27 Gold Mining
20:28 Stone Mining
26:46 Castle Age
28:15 Gold Shaft Mining
27:55 Bow Saw
27:49 Heavy Plow
29:56 Town Patrol
30:14 Hand Cart
33:09 Stone Shaft Mining
36:23 Imperial Age
34:17 Fortified Wall
34:30 Ballistics
38:13 Two-Man Saw
37:24 Town Patrol
39:15 Chemistry
40:26 Siege Engineers
41:01 Conscription
42:14 Heavy Scorpion
43:47 Caravan
48:35 Torsion Engines
Vortex10000
3:44 Loom
12:44 Feudal Age
13:33 Double-Bit Axe
14:32 Wheelbarrow
15:36 Bloodlines
16:35 Scale Barding Armor
19:22 Fletching
19:55 Stone Mining
21:57 Town Watch
24:16 Gold Mining
29:42 Castle Age
31:53 Husbandry
36:06 Imperial Age
35:18 Chain Barding Armor
35:09 Forging
34:55 Bodkin Arrow
35:01 Padded Archer Armor
35:22 Bow Saw
34:56 Horse Collar
37:54 Heavy Cavalry Archer
39:00 Parthian Tactics
38:04 Pikeman
40:47 Fortified Wall
40:49 Masonry
40:35 Murder Holes
41:01 Ballistics
41:42 Hand Cart
42:27 Caravan
45:03 Stone Shaft Mining
46:06 Padded Archer Armor
46:53 Heavy Plow
47:36 Conscription
49:08 Architecture
49:42 Chemistry
51:01 Elite Monaspa
51:49 Aznauri Cavalry
52:22 Hoardings
52:55 Crop Rotation
53:04 Plate Barding Armor
53:04 Iron Casting
52:31 Bracer
52:46 Leather Archer Armor
52:51 Town Patrol
52:23 Halberdier
53:05 Squires
61:02 Siege Engineers
65:07 Spies/Treason
pdj42
0:28 Loom
14:39 Feudal Age
15:19 Double-Bit Axe
15:16 Horse Collar
15:26 Fishing Lines
16:32 Gold Mining
16:36 Stone Mining
19:44 Wheelbarrow
21:36 Fletching
21:47 Padded Archer Armor
21:57 Forging
24:05 Castle Age
26:20 Bow Saw
26:13 Heavy Plow
27:01 Bodkin Arrow
27:52 Gold Shaft Mining
27:57 Stone Shaft Mining
28:40 Medium Warships
29:34 Caravan
30:09 Fortified Wall
31:07 Leather Archer Armor
31:28 Iron Casting
32:40 Murder Holes
33:05 Gillnets
34:07 Hand Cart
34:37 Ballistics
38:20 Imperial Age
36:42 Scale Mail Armor
36:47 Scale Barding Armor
36:25 Treadmill Crane
36:51 Siphons
36:57 Clinker Construction
36:57 Careening
37:39 Pikeman
38:20 Squires
37:42 Man-at-Arms
38:09 Gambesons
38:11 Arson
38:59 Chain Mail Armor
39:04 Chain Barding Armor
39:03 Halberdier
39:05 Long Swordsman
39:09 Elite Skirmisher
39:11 Crossbowman
39:57 Thumb Ring
41:06 Chemistry
39:58 Guard Tower
42:29 Greek Fire
42:50 Conscription
44:18 Carvel Hull
44:19 Dry Dock
44:34 Heavy Warships
46:30 Hoardings
47:11 Crop Rotation
48:33 Shipwright
48:00 Arrowslits
51:31 Bracer
52:01 Plate Mail Armor
52:01 Ring Archer Armor
52:07 Plate Barding Armor
64:32 Bombard Tower
64:48 Keep
64:15 Husbandry
63:36 Light Cavalry
63:40 Cavalier
63:43 Arbalester
63:46 Two-Handed Swordsman
Connection lost

Rejoining the realm…

Still unreachable

The connection could not be restored.

Session expired

The server has moved on; the page needs a fresh start.